AoeStats
← joeyvankoningsbruggen

Pilgrims

509083354Analyzed
2v2 RM · 7d ago on Sep 25, 2026· 98m 8s· 4 players
Game mode
Random Map
Map size
Medium (4 player)
Population
200
Speed
Normal
Resources
Standard
Victory
Conquest
Starting age
Dark Age
Ending age
Imperial Age
RankedLock teamsTeams togetherTeam positionsShared explorationLock speedFull tech treeHidden civsTurbo modeCheats
Victory
Defeat
🇲🇹 Romans · Malta
1189
+12
🇮🇪 Varangians · Ireland
1134
+14
🇦🇪 Persians · United Arab Emirates
1121
-13
🇩🇪 Lithuanians · Germany
1083
-13
fede
5:19 Loom
13:10 Feudal Age
19:17 Castle Age
18:06 Forging
17:51 Stone Mining
18:41 Scale Barding Armor
21:18 Fletching
23:10 Bodkin Arrow
31:04 Gold Mining
31:11 Double-Bit Axe
33:47 Wheelbarrow
35:59 Hand Cart
36:21 Bow Saw
39:13 Imperial Age
37:53 Gold Mining
39:34 Chain Barding Armor
39:50 Iron Casting
40:40 Conscription
40:53 Cavalier
41:43 Bloodlines
42:31 Horse Collar
43:40 Husbandry
46:18 Plate Barding Armor
48:31 Heavy Plow
52:02 Paladin
55:37 Bracer
63:34 Two-Man Saw
63:17 Stone Shaft Mining
63:36 Man-at-Arms
64:17 Squires
64:03 Arson
64:20 Scale Mail Armor
64:21 Padded Archer Armor
65:28 Long Swordsman
66:27 Two-Handed Swordsman
67:54 Chain Mail Armor
68:22 Champion
75:32 Chemistry
74:45 Masonry
74:31 Murder Holes
74:46 Fortified Wall
74:57 Ballistics
74:54 Guard Tower
79:29 Leather Archer Armor
CamelRaider
10:09 Loom
12:27 Feudal Age
12:48 Double-Bit Axe
12:45 Horse Collar
13:45 Town Watch
18:23 Castle Age
17:18 Fletching
18:34 Padded Archer Armor
19:42 Wheelbarrow
18:40 Crossbowman
26:23 Bodkin Arrow
26:45 Stone Mining
31:25 Leather Archer Armor
31:32 Ballistics
31:07 Murder Holes
31:52 Gold Mining
32:23 Hand Cart
38:29 Imperial Age
36:59 Town Patrol
37:38 Murder Holes
38:00 Thumb Ring
39:08 Conscription
39:06 Bloodlines
38:57 Husbandry
38:18 Light Cavalry
39:29 Ring Archer Armor
38:36 Cavalier
41:18 Scale Barding Armor
41:23 Forging
41:02 Savar
42:21 Chain Barding Armor
44:40 Guilds
44:52 Bow Saw
44:43 Heavy Plow
46:02 Plate Barding Armor
46:25 Coinage
47:29 Iron Casting
56:27 Banking
55:22 Hussar
57:05 Blast Furnace
Sean1407
5:13 Loom
14:08 Feudal Age
16:24 Forging
17:10 Fletching
18:05 Horse Collar
22:48 Castle Age
21:01 Stone Mining
21:14 Fishing Lines
23:33 Bodkin Arrow
24:37 Stone Shaft Mining
23:55 Gold Mining
24:35 Gillnets
25:21 Double-Bit Axe
26:47 Bow Saw
30:24 Devotion
31:43 Wheelbarrow
34:26 Imperial Age
32:17 Town Watch
32:59 Ballistics
33:08 Scale Barding Armor
34:21 Medium Warships
35:20 Hand Cart
36:43 Conscription
37:51 Treadmill Crane
41:15 Gothikon
43:08 Two-Man Saw
42:12 Scale Mail Armor
43:07 Coinage
42:05 Vendel Legacy
43:09 Gambesons
43:10 Arson
43:25 Squires
42:46 Pikeman
43:37 Murder Holes
44:45 Town Patrol
46:08 Masonry
47:42 Chemistry
47:20 Iron Casting
47:31 Siege Engineers
48:24 Elite Varangian Guard
55:20 Halberdier
58:39 Architecture
58:42 Banking
59:37 Chain Barding Armor
64:49 Blast Furnace
64:04 Chain Mail Armor
65:39 Bracer
66:16 Plate Barding Armor
65:44 Padded Archer Armor
66:21 Capped Ram
68:21 Fortified Wall
69:53 Elite Jarl
70:42 Siege Ram
72:55 Leather Archer Armor
73:27 Man-at-Arms
86:52 Careening
86:52 Clinker Construction
87:03 Shipwright
87:16 Plate Mail Armor
87:17 Ring Archer Armor
87:01 Fervor
87:04 Guilds
86:56 Caravan
89:02 Spies/Treason
93:06 Heavy Scorpion
93:06 Onager
96:14 Heavy Warships
joeyvankoningsbruggen
12:06 Feudal Age
12:11 Man-at-Arms
13:58 Loom
14:48 Wheelbarrow
15:27 Scale Mail Armor
15:37 Forging
15:28 Double-Bit Axe
20:31 Town Watch
25:01 Castle Age
23:31 Stone Mining
29:05 Bow Saw
42:02 Fishing Lines
43:21 Gillnets
45:32 Pikeman
46:13 Squires
46:48 Chain Mail Armor
47:54 Iron Casting
58:48 Imperial Age
59:18 Hand Cart
58:55 Halberdier
68:30 Blast Furnace
71:15 Heavy Scorpion
74:03 Ballistics
74:23 Ballistas
74:39 Conscription
80:20 Long Swordsman
84:45 Capped Ram
89:06 Legionary
Connection lost

Rejoining the realm…

Still unreachable

The connection could not be restored.

Session expired

The server has moved on; the page needs a fresh start.